AoeStats
← Green Assassin

African Clearing

506402209Analyzed
4v4 RM · 18d ago on Sep 13, 2026· 44m 56s· 8 players
Game mode
Random Map
Map size
Large (8 player)
Population
200
Speed
Normal
Resources
Standard
Victory
Conquest
Starting age
Dark Age
Ending age
Imperial Age
RankedLock teamsTeams togetherTeam positionsShared explorationLock speedFull tech treeHidden civsTurbo modeCheats
Victory
Defeat
🇧🇷 Japanese · Brazil
1164
+14
🇨🇴 Franks · Colombia
1138
+15
🇨🇳 Sicilians · China
1114
+16
🇩🇪 Georgians · Germany
1109
+16
🇨🇳 Wei · China
1162
-17
🇹🇼 Hindustanis · Taiwan
1113
-15
🇨🇳 Maya · China
1100
-15
🇨🇳 Saracens · China
1090
-14
1097962590
3:48 Loom
13:32 Feudal Age
17:10 Castle Age
15:11 Double-Bit Axe
15:26 Horse Collar
18:11 Bow Saw
27:31 Wheelbarrow
26:45 Town Watch
27:55 Heavy Plow
31:46 Imperial Age
29:23 Scale Barding Armor
30:04 Forging
29:51 Gold Mining
30:47 Chain Barding Armor
30:41 Bloodlines
30:32 Husbandry
31:06 Hand Cart
31:58 Iron Casting
32:15 Cavalier
33:32 Plate Barding Armor
33:32 Crop Rotation
34:12 Hauberk
34:28 Conscription
35:37 Blast Furnace
38:23 Coinage
Sam
7:43 Loom
12:21 Feudal Age
13:26 Double-Bit Axe
16:31 Wheelbarrow
25:29 Castle Age
23:47 Stone Mining
27:07 Husbandry
26:28 Light Cavalry
27:30 Forging
27:21 Scale Mail Armor
27:26 Scale Barding Armor
31:14 Town Watch
32:19 Chain Mail Armor
32:20 Arson
32:47 Squires
34:37 Gold Mining
37:01 Gold Shaft Mining
37:32 Hand Cart
37:34 Bow Saw
37:10 Horse Collar
37:39 Fletching
37:49 Padded Archer Armor
38:25 Iron Casting
38:37 Crossbowman
39:23 Thumb Ring
39:15 Bodkin Arrow
39:35 Leather Archer Armor
43:04 Imperial Age
43:17 Arbalester
44:22 Ballistics
43:31 Capped Ram
Green Assassin
3:52 Loom
13:56 Feudal Age
14:30 Double-Bit Axe
18:46 Fishing Lines
21:56 Castle Age
20:26 Gold Mining
21:44 Scale Barding Armor
22:43 Wheelbarrow
29:37 Gillnets
30:25 Hand Cart
32:40 Chain Barding Armor
32:30 Forging
32:23 Husbandry
32:33 Bloodlines
35:26 Iron Casting
35:59 Bow Saw
35:40 Stone Mining
40:18 Imperial Age
40:23 Elite Monaspa
41:23 Conscription
42:01 Aznauri Cavalry
42:34 Plate Barding Armor
43:07 Blast Furnace
44:12 Hoardings
44:36 Siege Engineers
44:12 Treadmill Crane
44:53 Ballistics
45:33 Chemistry
hargir
3:46 Loom
12:26 Feudal Age
23:29 Castle Age
21:49 Double-Bit Axe
40:34 Imperial Age
38:56 Wheelbarrow
38:54 Husbandry
39:48 Forging
40:48 Scale Barding Armor
41:13 Hand Cart
41:22 Gold Mining
41:42 Cavalier
42:42 Bow Saw
43:27 Iron Casting
43:55 Town Watch
44:48 Chain Barding Armor
45:30 Blast Furnace
44:35 Paladin
强悍小牛牛
10:55 Loom
15:46 Feudal Age
21:07 Castle Age
19:08 Fishing Lines
21:08 Double-Bit Axe
25:36 Wheelbarrow
24:55 Stone Mining
29:58 Hand Cart
30:13 Fletching
30:24 Gold Mining
31:50 Padded Archer Armor
32:20 Town Watch
37:10 Gillnets
37:46 Bow Saw
39:37 Bodkin Arrow
39:58 Leather Archer Armor
zhenyy
14:22 Feudal Age
18:40 Castle Age
19:34 Double-Bit Axe
20:34 Horse Collar
21:36 Bow Saw
22:51 Gold Mining
27:12 Fletching
27:23 Padded Archer Armor
26:51 Pikeman
27:57 Thumb Ring
28:56 Wheelbarrow
28:14 Loom
29:41 Stone Mining
30:16 Scale Mail Armor
30:12 Bodkin Arrow
32:09 Ballistics
32:48 Hand Cart
34:37 Arson
37:28 Leather Archer Armor
37:40 Squires
39:02 Gold Shaft Mining
39:03 Stone Shaft Mining
遠方的燈
3:55 Loom
16:18 Feudal Age
20:32 Castle Age
21:00 Double-Bit Axe
22:11 Horse Collar
23:34 Bow Saw
25:02 Heavy Plow
26:48 Bloodlines
30:25 Wheelbarrow
29:39 Town Watch
30:21 Husbandry
30:41 Pikeman
33:12 Scale Barding Armor
33:18 Forging
35:06 Chain Barding Armor
35:22 Iron Casting
35:24 Hand Cart
38:48 Squires
所以狼
14:55 Feudal Age
20:22 Castle Age
19:45 Double-Bit Axe
25:03 Loom
Connection lost

Rejoining the realm…

Still unreachable

The connection could not be restored.

Session expired

The server has moved on; the page needs a fresh start.